 Dungeon Crawl Stone Soup version 0.30.0-20-g3615ddf2f0 (webtiles) character file.

Game seed: 6892645111564230318

70 qw the Chopper (level 4, -3/28 HPs)
             Began as a Gargoyle Fighter on May 31, 2023.
             Was an Initiate of Okawaru.
             Blown up by Ijyb (11 damage)
             ... with a mindburst bolt
             ... on level 3 of the Dungeon.
             The game lasted 00:00:55 (2253 turns).

qw the Chopper (Gargoyle Fighter)                   Turns: 2253, Time: 00:00:56

Health: -3/28      AC: 12    Str: 21    XL:     4   Next: 21%
Magic:  4/4        EV:  7    Int:  9    God:    Okawaru [......]
Gold:   166        SH:  4    Dex:  9    Spells: 3/3 levels left

rFire   . . .        Y - +0 war axe
rCold   . . .        c - +0 buckler
rNeg    + . .        e - +0 chain mail
rPois   inf          (no helmet)
rElec   +            (no cloak)
rCorr   .            (no gloves)
SInv    .            (no boots)
Will    .....        (no amulet) Stlth
                     (no ring)
HPRegen 0.24/turn    (no ring)
MPRegen 0.09/turn

%: no passive effects
@: no status effects
A: sickness immunity, AC +3, negative energy resistance 1, electricity
resistance, torment resistance 1, petrification resistance
a: Renounce Religion


You were on level 3 of the Dungeon.
You worshipped Okawaru.
Okawaru was noncommittal.
You visited 1 branch of the dungeon, and saw 3 of its levels.

You collected 260 gold pieces.
You spent 94 gold pieces at shops.


Innate Abilities, Weirdness & Mutations

You are immune to sickness and miasma.
Your stone body is resilient. (AC +3)
You are immune to poison.
You resist negative energy. (rN+)
You are resistant to electric shocks. (rElec)
You are resistant to unholy torment.
You are immune to petrification.


   Skills:
 - Level 3.2 Fighting
 + Level 4.0 Axes
 - Level 3.2 Armour
 - Level 3.2 Shields


You had 3 spell levels left.
You didn't know any spells.
Your spell library was empty.

Inventory:

Hand Weapons
 i - a +0 flail
 Y - a +0 war axe (weapon)
Armour
 c - a +0 buckler (worn)
 e - a +0 chain mail (worn)
Scrolls
 a - 2 scrolls of enchant weapon {unknown}
 h - a scroll of identify {unknown}
Potions
 b - 3 potions of curing
 d - a potion of might
 f - a potion of attraction {unknown}
 g - a potion of brilliance {unknown}
 j - a potion of heal wounds

Dungeon Overview and Level Annotations

Branches:
Dungeon (3/15)

Altars:
Okawaru

Shops:
D:3 (

Annotations:
D:3 1 runed translucent door, Crazy Yiuf, Ijyb


Message History

Enter note:
Enter note:
Enter note:
Enter note: Ijyb hits you with a +0 dagger.
Enter note:
Enter note:
Enter note:
Enter note:
Enter note:
Enter note:
Enter note:
Enter note:
Enter note:
Enter note:
Enter note:
Enter note: You barely miss Ijyb.
Ijyb zaps a wand.
Your mind is blasted!
Ouch! That really hurt!
2247 ||| DRINKING 3 potions of heal wounds.
You feel much better.
Ijyb zaps a wand.
Your mind is blasted!
You hit Ijyb.
Ijyb is lightly wounded.
Ijyb hits you but does no damage.
You hit Ijyb but do no damage.
Ijyb is lightly wounded.
You block Ijyb's attack. Ijyb hits you but does no damage.
You hit Ijyb but do no damage. Ijyb hits you but does no damage.
You closely miss Ijyb.
Ijyb zaps a wand.
Your mind is blasted!
2252 ||| DRINKING 2 potions of heal wounds.
You feel much better.
Ijyb zaps a wand.
Your mind is blasted!
Ouch! That really hurt!
You closely miss Ijyb. Ijyb hits you but does no damage.
Ijyb zaps a wand.
Your mind is blasted!
You die...

~P~~........#### #...
~~P~...........# #..)
~7PP....#.#.#### #...
7~~~~..##.#.# #...
77~~.#.#..#.# ### # ##...
P~~7P~.#%##.# #.###.#
#...# PP7~PP.#.##<#
#...#.##.# ##'##
~P~~P~.#.##.####.....##.#
#.#
#PP7~P......##.g@.....#.#
#.##
#.P~PP##.#####.#..###.(.#
##... ..P~7~...# #
#..###...## ##....
.#.~~P####
#.........###.....
.#PP~P#
##.........###....
.##~P~# ####.....#####...
.######
######.%.......... .#
.........########.# ##
########## #..


You could see Ijyb.

Vanquished Creatures
  An adder (D:3)
  3 dart slugs
  5 orcs (D:3)
  2 ball pythons
  7 endoplasms
  2 giant cockroaches
  4 goblins
  3 hobgoblins
  2 jackals (D:3)
  7 bats
  A frilled lizard (D:1)
  3 kobolds
  6 rats
46 creatures vanquished.

Notes
Turn   | Place    | Note
-------+----------+-------------------------------------------
     0 | D:1      | qw the Gargoyle Fighter began the quest for the Orb.
     0 | D:1      | Reached XP level 1. HP: 14/14 MP: 1/1
     0 | D:1      | 0 ||| qw: Version: 0.2-a-102-gfc559e5
     0 | D:1      | 0 ||| qw: Game counter: 601
     0 | D:1      | 0 ||| qw: Always use a shield: true
     0 | D:1      | 0 ||| qw: God list: Okawaru
     0 | D:1      | 0 ||| qw: Allow faded altars: false
     0 | D:1      | 0 ||| qw: Do Orc after D:15 true
     0 | D:1      | 0 ||| qw: Do second Lair branch before Depths: true
     0 | D:1      | 0 ||| qw: Lair rune preference: random
     0 | D:1      | 0 ||| qw: Plans: Normal, Zot:1-4, Slime:5, God:TSO, Crypt,
                  | Tomb, Pan, Hells, Abyss, Win
     0 | D:1      | 0 ||| PLANNING D:1-11
    28 | D:1      | Reached skill level 2 in Axes
   144 | D:1      | Reached XP level 2. HP: 19/19 MP: 2/2
   188 | D:1      | 188 ||| FLEEEEING.
   198 | D:1      | 198 ||| Stepping ~*~*~tactically~*~*~ (hiding).
   351 | D:1      | Found a faded altar of an unknown god.
   779 | D:1      | 779 ||| UPGRADING to +0 chain mail.
   789 | D:1      | 789 ||| DROPPING +0 scale mail.
   790 | D:1      | 790 ||| READING scroll labelled EKHODU TIALO.
   791 | D:1      | 791 ||| READING 2 scrolls labelled LOACHU ODAAWU.
   792 | D:1      | 792 ||| DRINKING 2 orange potions.
   793 | D:1      | 793 ||| DROPPING scroll of immolation.
   877 | D:2      | Found an iron altar of Okawaru.
   878 | D:2      | 878 ||| PLANNING OKAWARU WORSHIP
   885 | D:2      | Became a worshipper of Warmaster Okawaru
   885 | D:2      | 885 ||| PLANNING D:1-11
   892 | D:2      | 892 ||| DROPPING +0 hand axe of electrocution.
   943 | D:2      | Reached skill level 3 in Axes
   949 | D:2      | 949 ||| DROPPING +0 club.
  1049 | D:2      | Reached XP level 3. HP: 19/23 MP: 3/3
  1449 | D:2      | 1449 ||| READING scroll labelled AFUBBU WYRUETOD.
  1550 | D:2      | 1550 ||| DRINKING 2 fuming red potions.
  1687 | D:3      | Found a runed translucent door.
  1688 | D:3      | Noticed Crazy Yiuf
  1764 | D:3      | 1764 ||| Stepping ~*~*~tactically~*~*~ (stealth).
  1766 | D:3      | 1766 ||| Stepping ~*~*~tactically~*~*~ (stealth).
  2032 | D:3      | Found Mankul's Antique Weapon Shop.
  2038 | D:3      | 2038 ||| BUYING flail (94 gold).
  2038 | D:3      | Bought a flail for 94 gold pieces
  2038 | D:3      | 2038 ||| DROPPING +0 whip.
  2112 | D:3      | Reached XP level 4. HP: 28/28 MP: 4/4
  2179 | D:3      | 2179 ||| Stepping ~*~*~tactically~*~*~ (hiding).
  2234 | D:3      | Reached skill level 4 in Axes
  2244 | D:3      | Noticed Ijyb
  2246 | D:3      | HP: 7/28 [disintegration (18)]
  2247 | D:3      | 2247 ||| DRINKING 3 potions of heal wounds.
  2251 | D:3      | HP: 7/28 [disintegration (5)]
  2252 | D:3      | 2252 ||| DRINKING 2 potions of heal wounds.
  2253 | D:3      | Blown up by Ijyb

Levels and vault maps discovered:
D:1:      sevenhm_arrival_forest_fort_small_3, layout_basic,
          hellmonk_ecumenical_altar_pennies_from_heaven
D:2:      layout_basic, basic_altar
D:3:      layout_loops_corners, serial_shops, shop, kennysheep_path_1,
          serial_bayou_lagoon_a, minmay_diced_spiral, uniq_ijyb,
          uniq_crazy_yiuf_cottage

Skill      XL: |  1  2  3  4 |
---------------+-------------+-----
Axes           | 2 3 4 |  4.0
Fighting       | |  3.2
Armour         | |  3.2
Shields        | |  3.2

Action                     |  1- 3 |  4- 6 || total
---------------------------+-------+-------++-------
  Melee: War axe           |   100 |    24 ||   124
    Use: Scroll            |     3 |       ||     3
         Potion            |     2 |     2 ||     4
 Armour: Scale mail        |    12 |       ||    12
         Chain mail        |    46 |    13 ||    59
  Dodge: Dodged            |    36 |     7 ||    43
  Block: Buckler           |    10 |     2 ||    12

Table legend:
 A = Non-vault XP
 B = Vault XP
 C = Vault XP percentage of total XP
 D = Non-vault monster count
 E = Vault monster count
 F = Vault count percentage of total count
                 A         B        C        D         E       F
            +---------+---------+-------+---------+---------+-------
      Total |      94 |       6 |   6.0 |      42 |       4 |   8.7
            +---------+---------+-------+---------+---------+-------
        D:1 |      28 |       0 |   0.0 |      16 |       0 |   0.0
        D:2 |      21 |       0 |   0.0 |      11 |       0 |   0.0
        D:3 |      45 |       6 |  11.8 |      15 |       4 |  21.1
            +---------+---------+-------+---------+---------+-------
